 Dungeon Crawl Stone Soup version 0.21.1-1-g345015f (webtiles) character file.

16 inc the Grasshopper (level 2, -1/26 HPs)
             Began as a Gnoll Warper on June 9, 2018.
             Slain by a hound (4 damage)
             ... on level 2 of the Dungeon.
             The game lasted 00:00:48 (686 turns).

inc the Grasshopper (Gnoll Warper)                   Turns: 686, Time: 00:00:49

Health: -1/26      AC:  3    Str: 13    XL:     2   Next: 58%
Magic:  7/7        EV: 20    Int: 19    God:
Gold:   22         SH:  0    Dex: 19    Spells: 10/10 levels left

rFire    . . .     SeeInvis .   a - +0 mace
rCold    . . .     Gourm    .   (no shield)
rNeg     . . .     Faith    .   b - +0 leather armour
rPois    .         Spirit   .   (no helmet)
rElec    .         Reflect  .   (no cloak)
rCorr    .         Harm     .   (no gloves)
MR       .....                  (no boots)
Stlth    +++.......             (no amulet)
HPRegen  0.08/turn              k - +4 ring of intelligence
MPRegen  0.10/turn              (no ring)

@: agile, hasted, very quick
A: distributed training, fangs 1, strong nose
a: no special abilities


You were on level 2 of the Dungeon.
You were not hungry.

You visited 1 branch of the dungeon, and saw 2 of its levels.

You collected 22 gold pieces.

Inventory:

Hand Weapons
 a - a +0 mace (weapon)
Missiles
 e - 5 tomahawks of dispersal (quivered)
Armour
 b - a +0 leather armour (worn)
Jewellery
 k - a +4 ring of intelligence (left hand)
Scrolls
 d - a scroll of blinking
 h - a scroll of enchant armour {unknown}
 i - 3 scrolls of fear {unknown}
Books
 c - a book of Spatial Translocations

   Spells                             Type                      Level
   a - Blink                          Translocation                2
   b - Shroud of Golubria             Charms/Translocation         2
   c - Lesser Beckoning               Translocation                3
   d - Gell's Gravitas                Translocation                3
   e - Teleport Other                 Translocation                3
   f - Passage of Golubria            Translocation                4
Comestibles
 f - 2 rations


   Skills:
 + Level 4.5 Fighting
 + Level 0.4 Short Blades
 + Level 0.4 Long Blades
 + Level 0.4 Axes
 + Level 4.5 Maces & Flails
 + Level 0.4 Polearms
 + Level 0.4 Staves
 + Level 0.4 Slings
 + Level 0.4 Bows
 + Level 0.4 Crossbows
 + Level 2.5 Throwing
 + Level 2.5 Armour
 + Level 4.5 Dodging
 + Level 0.4 Stealth
 + Level 0.4 Shields
 + Level 0.4 Unarmed Combat
 + Level 4.9 Spellcasting
 + Level 0.2 Conjurations
 + Level 0.2 Hexes
 + Level 0.2 Charms
 + Level 0.2 Summonings
 + Level 0.2 Necromancy
 + Level 5.3 Translocations
 + Level 0.2 Transmutations
 + Level 0.2 Fire Magic
 + Level 0.2 Ice Magic
 + Level 0.2 Air Magic
 + Level 0.2 Earth Magic
 + Level 0.2 Poison Magic
 + Level 0.5 Invocations
 + Level 0.4 Evocations


You had 10 spell levels left.
You didn't know any spells.

Dungeon Overview and Level Annotations

Branches:
Dungeon (1/15)

Altars:
Makhleb
Trog


Innate Abilities, Weirdness & Mutations

Your experience applies equally to all skills.
You have very sharp teeth.
Your uncanny sense of smell can sniff out nearby items.


Message History

You feel agile all of a sudden. The hound completely misses you.
It was a potion of haste.
You feel yourself speed up. The hound completely misses you.
The hound bites you but does no damage.
You hit the hound. You bite the hound, but do no damage.
The hound is moderately wounded.
The hound closely misses you.
You barely miss the hound.
The hound is moderately wounded.
The hound closely misses you.
You hit the hound.
The hound is heavily wounded.
The hound completely misses you.
You closely miss the hound.
The hound is heavily wounded.
The hound barely misses you. The hound misses you.
You hit the hound.
The hound is almost dead.
The hound bites you.
You die...

### #+
#..###.
#......
∩_.....##
#.......##
#......
#...h.# ##
#@########
#.###........
#.#.########
#.## ########
#.#
#####......#
#.#
......####.#
#>#
...........#
#.######
####.#####.#
#.##...##


You could see a hound.

Vanquished Creatures
  A leopard gecko (D:1)
  4 bats
  A giant cockroach (D:1)
  2 goblins (D:1)
  A hobgoblin (D:2)
  2 kobolds (D:1)
  A frilled lizard (D:1)
  3 rats
15 creatures vanquished.

Notes
Turn   | Place    | Note
-------+----------+-------------------------------------------
     0 | D:1      | inc the Gnoll Warper began the quest for the Orb.
     0 | D:1      | Reached XP level 1. HP: 20/20 MP: 6/6
    55 | D:1      | Reached XP level 2. HP: 26/26 MP: 7/7
   416 | D:1      | You fall through a shaft!
   416 | D:2      | Found a bloodstained altar of Trog.
   667 | D:2      | Found a burning altar of Makhleb.
   686 | D:2      | Slain by a hound

Action                   || total
-------------------------++-------
Melee: Mace              ||    55
       Bite              ||     3
  Use: Potion            ||     2
 Stab: Sleeping          ||     1
Armor: Leather armour    ||     9
Dodge: Dodged            ||    48
